Map: 国王藏宝地-天梯版

Players

Scarlett - Winner!

  • Race: Zerg Zerg
  • League: Diamond

iGMacSed (MacSed)

  • Race: Protoss Protoss

Event: WESG 2018 Grand Finals

VOD

Have the link to the VOD?

Description

Time

  • Played on: March 12, 2019, 12:24 a.m.
  • Length: 6:37

All games in this series

Show
View Real Time Build Order
Export as new Build Order

Scarlett Zerg - Winner!

Build Orders: Hatch First 

Get SALT Encoding   

  12  0:00  Drone  
  13  0:12  Overlord  
  13  0:18  Drone  
  14  0:31  Drone x2  
  16  0:50  Hatchery  
  16  0:52  Drone  
  16  0:56  Drone  
  17  0:59  Drone  
  18  1:10  Extractor  
  17  1:15  Spawning Pool  
  17  1:18  Drone  
  17  1:21  Drone  
  18  1:28  Drone  
  19  1:41  Drone  
  20  1:50  Drone  
  20  1:53  Hatchery  
  20  2:01  Drone  
  21  2:02  Drone  
  21  2:08  Queen  
  24  2:17  Queen  
  26  2:22  Overlord  
  26  2:28  Metabolic Boost  
  26  2:31  Drone  
  26  2:36  Zergling x2  
  28  2:41  Zergling x2  
  28  2:42  Drone x2  
  31  2:50  Queen  
  33  2:53  Drone x2  
  35  2:59  Overlord  
  35  3:02  Drone  
  35  3:05  Drone  
  37  3:12  Drone x2  
  39  3:19  Drone x3  
  42  3:21  Queen  
  42  3:26  Overlord  
  44  3:29  Overlord  
  44  3:30  Drone  
  45  3:35  Drone x3  
  48  3:42  Overlord  
  48  3:45  Drone  
  48  3:46  Drone  
  50  3:49  Spore Crawler  
  50  3:51  Spore Crawler  
  50  3:54  Drone  
  49  3:56  Drone x2  
  49  4:01  Drone x5  
  55  4:08  Spore Crawler  
  54  4:11  Queen  
  54  4:14  Drone x3  
  58  4:25  Drone  
  58  4:26  Lair  
  58  4:27  Drone  
  58  4:28  Drone x4  
  64  4:33  Roach Warren  
  64  4:34  Drone  
  64  4:36  Drone  
  65  4:44  Overlord  
  65  4:45  Overlord  
  65  4:48  Extractor x2  
  65  4:50  Evolution Chamber  
  65  4:51  Drone x3  
  65  4:54  Overlord x2  
  65  5:02  Overlord  
  65  5:03  Drone  
  65  5:05  Zergling x4  
  65  5:06  Drone x7  
  75  5:13  Overlord  
  75  5:17  Queen x2  
  78  5:23  Spore Crawler  
  77  5:29  Zergling x10  
  77  5:30  Zergling x6  
  77  5:31  Nydus Network  
  77  5:32  Queen  
  77  5:35  Extractor  
  85  5:39  Spore Crawler  
  85  5:41  Overlord x3  
  84  5:52  Roach x6  
  96  6:00  Queen x2  
  100  6:06  Roach x3  
  106  6:13  Nydus Canal  
Show
View Real Time Build Order
Export as new Build Order

iGMacSed Protoss 

Build Orders: 1 Gate Expand, Oracle Opening, Phoenix Opening, Mass Phoenix 

Get SALT Encoding   

  12  0:00  Probe  
  13  0:12  Probe  
  14  0:17  Pylon  
  14  0:24  Probe  
  15  0:32  Probe  
  15  0:39  Gateway  
  15  0:40  Probe  
  16  0:48  Assimilator  
  17  0:52  Probe  
  18  1:04  Probe  
  19  1:16  Probe  
  20  1:28  Nexus  
  20  1:37  Cybernetics Core  
  20  1:40  Probe  
  21  1:48  Assimilator  
  21  1:52  Probe  
  22  1:56  Pylon  
  22  2:04  Probe  
  22  2:05  Adept  
  25  2:16  Probe  
  25  2:20  Stargate  
  26  2:28  Probe, Warp Gate  
  27  2:34  Adept  
  27  2:36  Probe  
  29  2:40  Probe  
  31  2:44  Probe  
  32  2:52  Probe  
  32  2:55  Probe  
  32  2:56  Phoenix  
  34  3:04  Probe  
  37  3:07  Probe  
  37  3:11  Pylon  
  38  3:17  Probe  
  38  3:19  Probe, Oracle  
  40  3:24  Assimilator  
  43  3:29  Probe, Assimilator  
  43  3:31  Probe  
  45  3:40  Gateway  
  45  3:41  Probe  
  46  3:43  Probe  
  47  3:53  Probe, Stargate  
  48  3:55  Probe  
  48  3:56  Phoenix  
  48  4:00  Pylon  
  49  4:05  Probe  
  49  4:08  Probe  
  53  4:17  Probe, Phoenix  
  53  4:20  Pylon  
  53  4:24  Probe  
  57  4:28  Pylon  
  57  4:30  Probe, Phoenix  
  58  4:34  Phoenix  
  60  4:43  Probe x2  
  64  4:52  Zealot  
  66  4:53  Zealot, Phoenix  
  66  4:59  Phoenix  
  72  5:02  Pylon  
  72  5:17  Nexus  
  72  5:19  Probe  
  72  5:20  Probe  
  74  5:23  Phoenix  
  76  5:31  Probe, Robotics Facility  
  76  5:32  Probe  
  78  5:43  Probe  
  78  5:44  Probe  
  78  5:49  Robotics Facility  
  80  5:51  Shield Battery  
  80  5:55  Probe  
  80  5:56  Probe  
  82  5:58  Pylon, Adept x2  
  82  6:03  Forge  
  86  6:12  Pylon  
  86  6:13  Probe x2  
  86  6:14  Pylon  
  86  6:19  Zealot x2  
Tags
 
Add a new tag
Caveats
  • Supply blocks, unpowered buildings, or Contaminate may cause inaccurate times.
  • Supply counts are checked every 10 seconds.